 Dungeon Crawl Stone Soup version 0.27-a0-1312-g5cdb2b3542 (webtiles) character file.

Game seed: 4783835630370422088

2927 Feb132020 the Thaumaturge (level 9, -1/46 HPs)
             Began as a Deep Elf Air Elementalist on June 19, 2021.
             Was an Initiate of Ashenzari.
             Slain by an ogre (20 damage)
             ... on level 7 of the Dungeon.
             The game lasted 00:35:54 (9742 turns).

Feb132020 the Thaumaturge (DEAE)                    Turns: 9742, Time: 00:35:54

Health: -1/46      AC:  6    Str:  6    XL:     9   Next: 50%
Magic:  17/25      EV: 13    Int: 21    God:    Ashenzari [......]
Gold:   419        SH:  0    Dex: 17    Spells: 18/28 levels left

rFire    . . .     SeeInvis .   a - +3 dagger (venom)
rCold    . . .     Faith    .   (no shield)
rNeg     . . .     Spirit   .   c - +1 robe
rPois    .         Reflect  .   w - +0 helmet
rElec    .         Harm     .   l - +0 cloak
rCorr    .         Rampage  .   (no gloves)
Will     .....                  x - +0 pair of boots
Stlth    +++.......             e - amulet of the acrobat
HPRegen  0.15/turn              (no ring)
MPRegen  0.19/turn              (no ring)

@: no status effects
A: no striking features
a: Renounce Religion


You were on level 7 of the Dungeon.
You worshipped Ashenzari.
Ashenzari was noncommittal.
You visited 2 branches of the dungeon, and saw 8 of its levels.

You collected 419 gold pieces.

Inventory:

Hand Weapons
 a - a +3 dagger of venom (weapon)
 b - a +0 short sword of electrocution
Missiles
 B - a throwing net
Armour
 c - a +1 robe (worn)
 l - a +0 cloak (worn)
 w - a +0 helmet (worn)
 x - a +0 pair of boots (worn)
Jewellery
 e - an amulet of the acrobat (around neck)
 s - a ring of fire
Wands
 p - a wand of polymorph (15)
 q - a wand of flame (62)
 C - a wand of acid (6)
 D - a wand of paralysis (5)
Scrolls
 f - a scroll of immolation
 h - 3 scrolls of enchant armour
 i - 3 scrolls of teleportation
 m - 2 scrolls of summoning
 o - 2 scrolls of amnesia
 r - a scroll of magic mapping
 y - 2 scrolls of blinking
 E - a scroll of identify
Potions
 d - a potion of haste
 g - 5 potions of flight
 j - 2 potions of curing
 k - a potion of invisibility
 n - a potion of might
 t - a potion of degeneration
 u - a potion of berserk rage
 v - a potion of brilliance
 z - a potion of attraction
 A - a potion of heal wounds


   Skills:
 + Level 0.9 Fighting
 + Level 2.3 Short Blades
 + Level 3.8 Dodging
 + Level 4.6 Stealth
 + Level 10.2 Spellcasting
 + Level 6.9 Conjurations
 + Level 7.9 Air Magic


You had 18 spell levels left.
You knew the following spells:

 Your Spells              Type           Power      Damage    Failure   Level
a - Shock                 Conj/Air       100%       1d9       1%          1
b - Static Discharge      Conj/Air       41%        N/A       1%          2
c - Airstrike             Air            22%        N/A       2%          4
s - Swiftness             Air            44%        N/A       1%          3

Your spell library contained the following spells:

 Spells                   Type           Power      Damage    Failure   Level
 Lightning Bolt           Conj/Air       20%        1d35      9%          5


Dungeon Overview and Level Annotations

Branches:
Dungeon (7/15)             Temple (1/1) D:7

Altars:
Ashenzari
Cheibriados
Dithmenos
Elyvilon
Fedhas
Gozag
Hepliaklqana
Kikubaaqudgha
Makhleb
Nemelex Xobeh
Okawaru
Qazlal
Ru
Sif Muna
Trog
Uskayaw
Vehumet
Wu Jian
Xom
Yredelemnul
Zin

Shops:
D:3 [

Annotations:
D:3 Finguili's ghost, weakling DgAE


Message History

Aiming: Airstrike (dangerous; 2% risk of failure)
Press: ? - help, Dir - move target, f/p - wyvern
Aim: a wyvern (almost dead)
The air twists around and strikes the wyvern!
You kill the wyvern!
There is an open door here.
Found a stone staircase leading down.
Found an escape hatch in the floor.
Found a +0 falchion.
There is a stone staircase leading down here.
An ogre comes into view. It is wielding a +0 giant spiked club.
You see here a +0 falchion.
Casting: Airstrike (dangerous; 2% risk of failure)
Confirm with . or Enter, or press ? or * to list all spells.
Aiming: Airstrike (dangerous; 2% risk of failure)
Press: ? - help, Dir - move target, f - ogre
Aim: an ogre, wielding a +0 giant spiked club (asleep)
The air twists around and strikes the ogre!
The ogre shouts!
The ogre is heavily wounded.
Casting: Airstrike (dangerous; 2% risk of failure)
Confirm with . or Enter, or press ? or * to list all spells.
Aiming: Airstrike (dangerous; 2% risk of failure)
Press: ? - help, Dir - move target, f/p - ogre
Aim: an ogre, wielding a +0 giant spiked club (heavily wounded)
The air twists around and strikes the ogre!
The ogre is severely wounded.
You completely miss the ogre.
The ogre is severely wounded.
The ogre hits you with a +0 giant spiked club!!
Ouch! That really hurt!
Unknown command.
There is a stone staircase leading down here.
Casting: Airstrike (dangerous; 2% risk of failure)
Confirm with . or Enter, or press ? or * to list all spells.
The ogre is struck by an arc of lightning.
The ogre is severely wounded.
You are struck by an arc of lightning.
The lightning grounds out.
The ogre hits you with a +0 giant spiked club!!
You die...

### #.. #.# ### #.# #.. #.#
#.# ######## #># #.#
#.......
#####.##########.####.......
#.)..>....O@................
#.###.##########.###########
#. #.####### #.##.....# #.
#.......# #.##.....#### #.
#.#####.####.##.....#... ..
#.# #...##.##.....#... ##
#.#####......##.....#...
#.....#...#####.....#...
#.........'.............


You could see an ogre.

Vanquished Creatures
  Sigmund (D:4)
  2 wyverns (D:7)
  A water moccasin (D:7)
  A hornet zombie (D:6)
  An ice beast (D:6)
  A black bear (D:5)
  3 necrophages
  2 ogres
  3 centaurs
  A phantom (D:6)
  A kobold brigand (D:6)
  A bullfrog (D:7)
  A wyvern zombie (D:7)
  2 scorpions
  2 howler monkeys
  7 jellies
  2 centaur zombies (D:5)
  2 gnoll shamans
  2 orc priests
  A water moccasin simulacrum (D:3)
  A hound (D:5)
  2 iguanas (D:5)
  Ijyb (D:4)
  2 orc wizards
  A killer bee zombie (D:6)
  A scorpion simulacrum (D:3)
  Robin (D:2)
  7 gnolls
  A howler monkey skeleton (D:6)
  8 adders
  2 white imps
  2 ufetubi
  6 worms
  4 dart slugs
  An adder simulacrum (D:3)
  17 orcs
  5 ball pythons
  16 endoplasms
  4 giant cockroaches
  10 goblins
  11 hobgoblins
  4 jackals (D:3)
  20 kobolds
  5 quokkas
  A ball python simulacrum (D:3)
  4 bats (D:1)
  3 frilled lizards
  A jackal simulacrum (D:3)
  8 rats
186 creatures vanquished.

Vanquished Creatures (others)
  9 fungi (D:2)
  8 toadstools (D:2)
17 creatures vanquished.

Grand Total: 203 creatures vanquished

Notes
Turn   | Place    | Note
-------+----------+-------------------------------------------
     0 | D:1      | Feb132020 the Deep Elf Air Elementalist began the quest for
                  | the Orb.
     0 | D:1      | Reached XP level 1. HP: 10/10 MP: 6/6
   403 | D:1      | Reached XP level 2. HP: 15/15 MP: 5/8
  1061 | D:1      | Reached XP level 3. HP: 19/19 MP: 6/10
  1338 | D:2      | Learned a level 2 spell: Static Discharge
  1342 | D:2      | Learned a level 3 spell: Swiftness
  1808 | D:2      | Noticed Robin
  1831 | D:2      | Killed Robin
  1832 | D:2      | Reached XP level 4. HP: 23/24 MP: 0/11
  1838 | D:2      | Reached skill level 4 in Spellcasting
  2392 | D:2      | Reached skill level 1 in Short Blades
  2392 | D:2      | Reached XP level 5. HP: 20/28 MP: 1/13
  2605 | D:2      | Reached skill level 5 in Spellcasting
  2816 | D:3      | Found Missouwk's Armour Shop.
  3240 | D:3      | Found a faded altar of an unknown god.
  3385 | D:3      | Found a runed translucent gate.
  3385 | D:3      | Found a runed translucent gate.
  3385 | D:3      | Found a runed translucent gate.
  3628 | D:3      | Noticed Finguili's ghost (weakling DgAE)
  3773 | D:3      | Reached XP level 6. HP: 31/32 MP: 10/16
  4121 | D:4      | Noticed Ijyb
  4126 | D:4      | Killed Ijyb
  4242 | D:3      | Learned a level 4 spell: Airstrike
  4628 | D:4      | Reached skill level 6 in Spellcasting
  4670 | D:4      | Noticed Sigmund
  5038 | D:4      | Killed Sigmund
  5039 | D:4      | Reached XP level 7. HP: 37/37 MP: 5/18
  5237 | D:5      | Entered Level 5 of the Dungeon
  5275 | D:5      | Reached skill level 5 in Air Magic
  5871 | D:5      | Reached skill level 7 in Spellcasting
  6218 | D:5      | Reached skill level 5 in Conjurations
  6307 | D:5      | Reached XP level 8. HP: 42/42 MP: 14/20
  6576 | D:5      | Noticed a two-headed ogre
  6836 | D:5      | Reached skill level 8 in Spellcasting
  8039 | D:6      | Reached skill level 9 in Spellcasting
  8039 | D:6      | Reached XP level 9. HP: 46/46 MP: 13/24
  8369 | D:7      | Found a staircase to the Ecumenical Temple.
  9406 | Temple   | Entered the Ecumenical Temple
  9414 | Temple   | Became a worshipper of Ashenzari the Shackled
  9499 | D:7      | Reached skill level 10 in Spellcasting
  9742 | D:7      | Slain by an ogre

Illustrated notes

Levels and vault maps discovered:
D:1:      elethiomel_arrival_infinity_welcomes_careful_drivers, layout_basic,
          minmay_bisected
D:2:      cheibrodos_fertilizer, layout_basic, serial_park_tiny_pond, uniq_robin
D:3:      layout_loops_ring, serial_shops, shop, gammafunk_ghost_icy,
          hellmonk_ecumenical_altar_arch_garden
D:4:      layout_loops_cross, uniq_ijyb, uniq_sigmund
D:5:      layout_basic, grunt_ministairs_3
D:6:      layout_rooms
D:7:      layout_basic, temple_doors_e
Temple:   grunt_wide_crystal_templ

Skill      XL: |  1  2  3  4  5  6  7  8  9 |
---------------+----------------------------+-----
Conjurations   | 2 3 4 5 6 |  6.9
Spellcasting   | 4 5 6 7 9 10 | 10.2
Air Magic      | 4 5 7 |  7.9
Short Blades   | 1 2 |  2.3
Dodging        | 3 |  3.8
Stealth        | 3 4 |  4.6
Fighting       | |  0.9

Action                   |  1- 3 |  4- 6 |  7- 9 || total
-------------------------+-------+-------+-------++-------
Melee: Short sword       |    17 |     9 |       ||    26
       Dagger            |       |    62 |    51 ||   113
 Cast: Shock             |    91 |    80 |   100 ||   271
       Static Discharge  |     1 |    11 |    33 ||    45
       Airstrike         |       |     3 |    25 ||    28
  Use: Scroll            |     6 |     5 |     6 ||    17
       Potion            |       |       |     1 ||     1
 Stab: Sleeping          |     1 |     1 |     5 ||     7
Armor: Robe              |     5 |     7 |    11 ||    23
Dodge: Dodged            |    17 |    47 |   123 ||   187

Table legend: (Time is in decaauts)
 A = Elapsed time spent in this place.
 B = Non-inter-level travel time spent in this place.
 C = Inter-level travel time spent in this place.
 D = Time resting spent in this place.
 E = Time spent auto-exploring this place.
 F = Levels seen in this place.
 G = Mean time per level.
                   A        B        C        D        E       F      G
               +--------+--------+--------+--------+--------+-----+--------+
         Total |   9737 |   9386 |    351 |    286 |   7828 |   8 | 1217.1 |
       Dungeon |   9668 |   9330 |    338 |    286 |   7778 |   7 | 1381.1 |
        Temple |     69 |     56 |     13 |      0 |     50 |   1 |   69.0 |
               +--------+--------+--------+--------+--------+-----+--------+

Top non-repeatable levels by time:
     D:5: 1894 daAuts
     D:2: 1445 daAuts
     D:1: 1334 daAuts
     D:4: 1321 daAuts
     D:7: 1312 daAuts
     D:3: 1212 daAuts
     D:6: 1146 daAuts
  Temple: 69 daAuts
